 Dungeon Crawl Stone Soup version 0.31-a0-162-gc4c5a43528 (webtiles) character file.

Game seed: 8625153572168310493

99288 qw the Marksgargoyle (level 16, -4/110 HPs)
             Began as a Gargoyle Hunter on June 12, 2023.
             Was a High Priest of Okawaru.
             Killed by divine providence
             ... invoked by an orc priest
              (13 damage)
             ... on level 2 of the Orcish Mines.
             The game lasted 00:11:00 (19203 turns).

qw the Marksgargoyle (Gargoyle Hunter)             Turns: 19203, Time: 00:11:00

Health: -4/110     AC: 25    Str: 16    XL:     16   Next: 24%
Magic:  23/23      EV: 31    Int: 11    God:    Okawaru [*****.]
Gold:   766        SH:  0    Dex: 25    Spells: 15/15 levels left

rFire   . . .        k - +4 longbow (flame)
rCold   . . .        (shield currently unavailable)
rNeg    + . .        o - +0 troll leather armour
rPois   inf          f - +2 helmet {SInv}
rElec   +            (no cloak)
rCorr   +            u - +0 pair of gloves of Ketiekycs {rCorr Slay+3}
SInv    +            z - +0 pair of boots of Affuuf {Regen+}
Will    +....        B - amulet of faith
Stlth   ++++         h - +6 ring of dexterity
HPRegen 1.98/turn    e - +5 ring of evasion
MPRegen 0.18/turn

%: faith
@: heroic, flying
A: sickness immunity, AC +12, big wings, negative energy resistance 1,
electricity resistance, torment resistance 1, petrification resistance
a: Renounce Religion, Heroism, Finesse, Duel


You were on level 2 of the Orcish Mines.
You worshipped Okawaru.
Okawaru was extremely pleased with you.
You visited 3 branches of the dungeon, and saw 22 of its levels.
You also visited: Gauntlet.

You collected 2242 gold pieces.
You spent 1476 gold pieces at shops.


Innate Abilities, Weirdness & Mutations

You are immune to sickness and miasma.
Your stone body is resilient. (AC +12)
You are immune to poison.
Your large and strong wings let you fly.
You resist negative energy. (rN+)
You are resistant to electric shocks. (rElec)
You are resistant to unholy torment.
You are immune to petrification.


   Skills:
 - Level 16.0(21.0) Fighting
 + Level 18.6(23.6) Ranged Weapons
 - Level 8.1(13.1) Armour
 - Level 10.4(15.4) Dodging
 - Level 1.1(6.1) Stealth
 - Level 10.1 Invocations


You had 15 spell levels left.
You didn't know any spells.
Your spell library was empty.

Inventory:

Hand Weapons
 k - a +4 longbow of flaming (weapon)
Armour
 f - a +2 helmet of see invisible (worn)
 l - a +2 ring mail of cold resistance
 o - a +0 troll leather armour (worn)
 r - the +2 leather armour of the Eleven Wishes {Rampage rPois SInv}
   (You found it on level 12 of the Dungeon)

   rPois:     It protects you from poison.
   SInv:      It lets you see invisible.
   Rampage:   It bestows one free step when moving towards enemies.
 t - the +0 pair of boots of Masochism {Rampage *Slow Fly rCorr}
   (Okawaru gifted it to you on level 14 of the Dungeon)

   Fly:       It grants you flight.
   rCorr:     It protects you from acid and corrosion.
   *Slow:     It may slow you when you take damage.
   Rampage:   It bestows one free step when moving towards enemies.
 u - the +0 pair of gloves of Ketiekycs (worn) {rCorr Slay+3}
   (Okawaru gifted it to you on level 2 of the Lair of Beasts)

   Slay:      It affects your accuracy & damage with ranged weapons and melee
   (+3).
   rCorr:     It protects you from acid and corrosion.
 y - +0 acid dragon scales
 z - the +0 pair of boots of Affuuf (worn) {Regen+}
   (You bought it in a shop on level 15 of the Dungeon)

   Regen:     It increases your rate of health regeneration.
Jewellery
 e - a +5 ring of evasion (right hand)
 h - a +6 ring of dexterity (left hand)
 j - an amulet of reflection
 n - a ring of resist corrosion
 x - a ring of fire
 B - an amulet of faith (around neck)
Wands
 w - a wand of digging (12)
Scrolls
 c - 18 scrolls of identify
 d - 5 scrolls of enchant armour
Potions
 a - 4 potions of attraction
 b - a potion of resistance
 g - a potion of haste
 i - 4 potions of might
 m - 3 potions of mutation
 p - 12 potions of curing
 q - 2 potions of lignification
 s - 2 potions of magic

Dungeon Overview and Level Annotations

Branches:
Dungeon (15/15)            Temple (0/1) D:7            Lair (5/5) D:11
 Shoals (0/4) Lair:2        Snake (0/4) Lair:2        Slime (0/5) Lair:4
    Orc (2/2) D:9          Vaults (0/5) D:14         Depths (0/4) D:15
Gauntlet (visited)
    Elf: Orc:2

Altars:
Ashenzari
Dithmenos
Elyvilon
Fedhas
Hepliaklqana
Kikubaaqudgha
Makhleb
Nemelex Xobeh
Okawaru
Qazlal
Ru
Vehumet
Xom
Zin
Jiyva

Shops:
D:5 *   D:9 (**?   D:15 [(=

Portals:
Trove: D:10 (show abyssal rune of Zot)


Message History

Okawaru accepts your kill. The troll completely misses you.
The troll misses you. The troll claws you but does no damage.
The ogre completely misses you. The orc priest completely misses you.
The ogre mage closely misses you.
You shoot an arrow. The arrow hits the ogre!!!
The arrow burns the ogre.
You kill the ogre!
Okawaru accepts your kill. The ogre closely misses you.
A two-headed ogre comes into view. It is wielding two +0 giant clubs.
The orc priest completely misses you. The ogre completely misses you.
The ogre misses you.
The troll misses you. x2; The troll claws you.
The ogre hits you but does no damage.
You shoot an arrow. The arrow hits the ogre!!
The arrow burns the ogre.
You kill the ogre!
Okawaru accepts your kill. The ogre mage misses you.
The ogre hits you but does no damage.
You shoot an arrow. The arrow hits the ogre!!
The arrow burns the ogre!
You kill the ogre!
Okawaru accepts your kill. The troll completely misses you.
The troll claws you but does no damage. The troll claws you.
The orc priest hits you but does no damage.
The ogre completely misses you. The ogre hits you with a +0 giant club!
The ogre completely misses you. x2
You shoot an arrow. The arrow hits the ogre.
The arrow burns the ogre.
The ogre is lightly wounded.
The ogre mage completely misses you.
The orc priest calls down the wrath of Beogh upon you.
Pain shoots through your body!
An ogre mage comes into view. It is wielding a +0 spear.
The troll completely misses you. The troll closely misses you.
The troll completely misses you.
You shoot an arrow. The arrow hits the ogre!!
The arrow burns the ogre.
You kill the ogre!
Okawaru accepts your kill. The ogre completely misses you.
The ogre hits you with a +0 giant club. The ogre completely misses you.
The orc priest invokes the aid of Beogh against you.
Beogh smites you!
You die...

$...............
...........O.....
.................
............O...)
.................
........(O)......
.......TO)O.....)
......OO@))...###
.#.....OoO)......
.........#)......
..........#)....#
............$...#
..........$...)..
.................
..#..............
#.............#


You could see a two-headed ogre, 2 ogre magi, a troll, 6 ogres and an orc
priest.

Vanquished Creatures
  Gastronok (D:9)
  Kirke (D:12)
  A very ugly thing (D:15)
  Nessos (D:15)
  A minotaur (Gauntlet)
  A green death (Gauntlet)
  Josephine (D:13)
  A fire dragon (Lair:5)
  A rakshasa (D:15)
  5 vault guards (D:14)
  A great orb of eyes (D:15)
  Erica (Lair:1)
  A hydra (D:15)
  3 catoblepae
  15 two-headed ogres
  Harold (D:9)
  An anaconda (Lair:5)
  7 centaur warriors
  2 boulder beetles
  7 death yaks
  Urug (D:13)
  An orc high priest (Orc:1)
  Sonja (D:13)
  A skyshark (Lair:5)
  2 fire crabs
  2 deep trolls
  A swamp dragon (Lair:5)
  Lodul (D:13)
  A wizard (D:15)
  An obsidian statue (Gauntlet)
  A harpy (shapeshifter) (D:15)
  3 deep elf pyromancers
  An orc knight (D:15)
  9 cyclopes
  An orc sorcerer (D:14)
  4 ugly things
  3 manticores
  5 elephants
  2 gargoyles
  4 black mambas
  2 torpor snails
  8 cane toads
  A rime drake (Lair:4)
  13 komodo dragons
  A freezing wraith (D:15)
  An unseen horror (D:12)
  4 tengu conjurers (D:14)
  12 polar bears
  3 meliai (D:13)
  A tarantella (shapeshifter) (D:12)
  A wolf spider simulacrum (D:15)
  14 trolls
  2 hornets
  A raiju (Lair:5)
  2 dream sheep (Lair:4)
  9 blink frogs
  11 slime creatures
  A shadow (D:9)
  2 spriggans (Lair:3)
  3 wyverns
  54 yaks
  6 wraiths
  2 vampires
  A hog (D:12)
  A water elemental (D:15)
  6 basilisks
  3 humans
  3 steam dragons (Lair:5)
  6 wargs
  5 vampire mosquitoes
  6 acid dragons
  16 hell hounds (Lair:5)
  12 water moccasins
  An ice beast (D:5)
  An ice beast (shapeshifter) (D:13)
  10 orc warriors
  2 sky beasts
  15 black bears
  A swamp drake (Lair:5)
  21 ogres
  25 wolves
  27 centaurs
  A phantom (D:6)
  A kobold brigand (D:9)
  10 bullfrogs
  2 gnoll sergeants
  2 scorpions (D:5)
  3 wights (D:8)
  12 jellies
  24 killer bees
  6 howler monkeys
  A lava snake (D:14)
  2 hounds
  3 gnoll boudas
  11 orc priests
  7 iguanas
  15 orc wizards
  20 gnolls
  9 adders
  2 shadow imps
  2 white imps (D:6)
  An ufetubus (D:5)
  4 dart slugs
  50 orcs
  8 ball pythons
  16 endoplasms
  7 giant cockroaches
  4 goblins
  6 hobgoblins
  2 jackals (D:1)
  10 kobolds
  4 quokkas
  4 bats
  2 frilled lizards
  3 rats
668 creatures vanquished.

Notes
Turn   | Place    | Note
-------+----------+-------------------------------------------
     0 | D:1      | qw the Gargoyle Hunter began the quest for the Orb.
     0 | D:1      | Reached XP level 1. HP: 12/12 MP: 1/1
     0 | D:1      | 0 ||| qw: Version: 0.2-a-29-gc1b59c4
     0 | D:1      | 0 ||| qw: Game counter: 4335
     0 | D:1      | 0 ||| qw: Always use a shield: true
     0 | D:1      | 0 ||| qw: God list: Okawaru
     0 | D:1      | 0 ||| qw: Allow faded altars: false
     0 | D:1      | 0 ||| qw: Do Orc after D:15 true
     0 | D:1      | 0 ||| qw: Do second Lair branch before Depths: true
     0 | D:1      | 0 ||| qw: Lair rune preference: random
     0 | D:1      | 0 ||| qw: Plans: Normal, Zot:1-4, Slime:5, God:TSO, Crypt,
                  | Tomb, Abyss, Pan, Hells, Win
     0 | D:1      | 0 ||| PLANNING D:1-11
   130 | D:1      | Reached XP level 2. HP: 17/17 MP: 2/2
   533 | D:1      | Reached XP level 3. HP: 21/21 MP: 3/3
   621 | D:1      | Reached skill level 5 in Ranged Weapons
   622 | D:1      | 622 ||| UPGRADING to amulet of reflection.
   627 | D:1      | 627 ||| DROPPING ring of magical power.
   628 | D:1      | 628 ||| READING scroll labelled UKOYGI APIWK.
   629 | D:1      | 629 ||| READING scroll labelled FABBUO LURINN.
   630 | D:1      | 630 ||| DRINKING 2 pink potions.
   631 | D:1      | 631 ||| DROPPING scroll of butterflies.
   632 | D:1      | 632 ||| DROPPING potion of degeneration.
   820 | D:2      | Reached skill level 3 in Fighting
  1014 | D:2      | Reached XP level 4. HP: 28/28 MP: 4/4
  1133 | D:2      | 1133 ||| UPGRADING to +0 ring mail.
  1143 | D:2      | 1143 ||| DROPPING +0 leather armour.
  1144 | D:2      | 1144 ||| UPGRADING to +2 ring mail of cold resistance.
  1154 | D:2      | 1154 ||| DROPPING +0 ring mail.
  1155 | D:2      | 1155 ||| UPGRADING to +4 ring of slaying {mikee}.
  1156 | D:2      | 1156 ||| READING scroll labelled UPOPSY DAQELO.
  1157 | D:2      | 1157 ||| READING scroll labelled MUZXOOCAUC.
  1162 | D:2      | 1162 ||| READING scroll labelled VERESS VILOCSEMN.
  1163 | D:2      | 1163 ||| DRINKING 2 metallic yellow potions.
  1164 | D:2      | 1164 ||| DRINKING 2 glowing cyan potions.
  1209 | D:3      | Reached skill level 1 in Armour
  1383 | D:3      | 1383 ||| Stepping ~*~*~tactically~*~*~ (outnumbered).
  1386 | D:3      | 1386 ||| Stepping ~*~*~tactically~*~*~ (outnumbered).
  1399 | D:3      | Reached XP level 5. HP: 29/32 MP: 5/5
  1767 | D:3      | 1767 ||| READING 2 scrolls labelled UCHOAHIBBAK.
  1768 | D:3      | 1768 ||| READING 3 scrolls of identify.
  1768 | D:3      | 1768 ||| IDENTIFYING clear potion
  1769 | D:3      | 1769 ||| READING 2 scrolls of identify.
  1769 | D:3      | 1769 ||| IDENTIFYING orange potion
  1770 | D:3      | 1770 ||| DROPPING scroll of revelation.
  1834 | D:4      | Noticed a black bear
  1840 | D:4      | Killed a black bear
  1841 | D:4      | Reached skill level 6 in Ranged Weapons
  1841 | D:4      | Reached XP level 6. HP: 34/37 MP: 6/6
  1851 | D:4      | Found a broken altar of Ashenzari.
  1853 | D:4      | Found an iron altar of Okawaru.
  1854 | D:4      | 1854 ||| PLANNING OKAWARU WORSHIP
  1856 | D:4      | Found an ancient bone altar of Kikubaaqudgha.
  1859 | D:4      | Found a shimmering altar of Xom.
  1860 | D:4      | Found a burning altar of Makhleb.
  1861 | D:4      | Became a worshipper of Warmaster Okawaru
  1861 | D:4      | 1861 ||| PLANNING D:1-11
  1864 | D:4      | Found a blossoming altar of Fedhas.
  1865 | D:4      | Found a sacrificial altar of Ru.
  1928 | D:4      | Found a glowing silver altar of Zin.
  1935 | D:4      | Found a stormy altar of Qazlal.
  1936 | D:4      | Found a sparkling altar of Nemelex Xobeh.
  2070 | D:4      | Found a shadowy altar of Dithmenos.
  2246 | D:4      | Reached skill level 7 in Ranged Weapons
  2253 | D:4      | Reached XP level 7. HP: 34/43 MP: 7/7
  2386 | D:4      | Reached * piety under Okawaru
  2517 | D:4      | Reached skill level 1 in Invocations
  2827 | D:4      | 2827 ||| UPGRADING to +1 hat.
  2832 | D:4      | 2832 ||| READING scroll of enchant armour.
  2832 | D:4      | 2832 ||| ENCHANTING +1 hat.
  2833 | D:4      | 2833 ||| READING scroll labelled ALIBAUROUV.
  2834 | D:4      | 2834 ||| READING 4 scrolls of identify.
  2834 | D:4      | 2834 ||| IDENTIFYING green potion
  2835 | D:4      | 2835 ||| READING 3 scrolls of identify.
  2835 | D:4      | 2835 ||| IDENTIFYING cyan potion
  2865 | D:5      | Entered Level 5 of the Dungeon
  2890 | D:5      | 2890 ||| DRINKING potion of curing.
  2890 | D:5      | 2890 ||| (to cure confusion)
  3034 | D:5      | Reached skill level 8 in Ranged Weapons
  3131 | D:5      | Reached skill level 3 in Invocations
  3155 | D:5      | Found Jire Alu's Elemental Accessories.
  3290 | D:5      | 3290 ||| FLEEEEING.
  3291 | D:5      | 3291 ||| FLEEEEING.
  3292 | D:5      | 3292 ||| INVOKING Heroism.
  3298 | D:5      | Reached XP level 8. HP: 35/48 MP: 7/10
  3303 | D:5      | HP: 11/48 [something (3)]
  3817 | D:5      | 3817 ||| READING 2 scrolls labelled NIKHLA DOUCH.
  3818 | D:5      | 3818 ||| READING 2 scrolls labelled PAVIMERIOT.
  3819 | D:5      | 3819 ||| READING scroll labelled LEHISUREKO.
  3820 | D:5      | 3820 ||| READING 2 scrolls of identify.
  3820 | D:5      | 3820 ||| IDENTIFYING murky green potion
  3821 | D:5      | 3821 ||| DROPPING scroll of immolation.
  3822 | D:5      | 3822 ||| DROPPING scroll of noise.
  3823 | D:5      | 3823 ||| DROPPING potion of ambrosia.
  3862 | D:6      | 3862 ||| INVOKING Heroism.
  3937 | D:6      | 3937 ||| INVOKING Heroism.
  3957 | D:6      | Reached skill level 9 in Ranged Weapons
  3959 | D:6      | 3959 ||| FLEEEEING.
  3960 | D:6      | 3960 ||| FLEEEEING.
  3961 | D:6      | 3961 ||| FLEEEEING.
  3962 | D:6      | 3962 ||| FLEEEEING.
  3963 | D:6      | 3963 ||| FLEEEEING.
  3964 | D:6      | 3964 ||| FLEEEEING.
  3965 | D:6      | 3965 ||| FLEEEEING.
  3966 | D:6      | 3966 ||| FLEEEEING.
  3967 | D:6      | 3967 ||| FLEEEEING.
  3968 | D:6      | 3968 ||| FLEEEEING.
  3969 | D:6      | 3969 ||| FLEEEEING.
  3970 | D:6      | 3970 ||| FLEEEEING.
  3972 | D:6      | 3972 ||| FLEEEEING.
  3975 | D:6      | 3975 ||| FLEEEEING.
  3976 | D:6      | 3976 ||| DRINKING potion of curing.
  3976 | D:6      | 3976 ||| (to cure confusion)
  3977 | D:6      | 3977 ||| FLEEEEING.
  3978 | D:6      | 3978 ||| FLEEEEING.
  3979 | D:6      | 3979 ||| FLEEEEING.
  3980 | D:6      | 3980 ||| FLEEEEING.
  3981 | D:6      | 3981 ||| FLEEEEING.
  3982 | D:6      | 3982 ||| FLEEEEING.
  3983 | D:6      | 3983 ||| FLEEEEING.
  3984 | D:6      | 3984 ||| FLEEEEING.
  3985 | D:6      | 3985 ||| FLEEEEING.
  3986 | D:6      | 3986 ||| FLEEEEING.
  3987 | D:6      | 3987 ||| FLEEEEING.
  3988 | D:6      | 3988 ||| STAIRDANCE
  4026 | D:6      | 4026 ||| STAIRDANCE
  4044 | D:6      | 4044 ||| STAIRDANCE
  4046 | D:6      | 4046 ||| STAIRDANCE
  4058 | D:6      | 4058 ||| STAIRDANCE
  4060 | D:6      | 4060 ||| STAIRDANCE
  4169 | D:6      | Reached ** piety under Okawaru
  4170 | D:6      | Reached skill level 6 in Fighting
  4455 | D:6      | Reached XP level 9. HP: 56/56 MP: 12/12
  4506 | D:6      | 4506 ||| INVOKING Heroism.
  4520 | D:6      | 4520 ||| INVOKING Heroism.
  4543 | D:6      | Reached skill level 10 in Ranged Weapons
  4543 | D:6      | 4543 ||| INVOKING Heroism.
  4742 | D:6      | 4742 ||| READING scroll labelled YBRESY TIENKI.
  4800 | D:7      | 4800 ||| SWAPPING to +0 orcbow.
  4802 | D:7      | 4802 ||| DROPPING +1 shortbow.
  4817 | D:7      | Found a staircase to the Ecumenical Temple.
  4879 | D:7      | 4879 ||| INVOKING Heroism.
  4880 | D:7      | 4880 ||| Stepping ~*~*~tactically~*~*~ (outnumbered).
  4910 | D:7      | 4910 ||| INVOKING Heroism.
  5011 | D:7      | Noticed a hornet
  5017 | D:7      | Killed a hornet
  5042 | D:7      | Reached skill level 11 in Ranged Weapons
  5052 | D:7      | Reached *** piety under Okawaru
  5053 | D:7      | Reached skill level 3 in Dodging
  5104 | D:7      | 5104 ||| Stepping ~*~*~tactically~*~*~ (outnumbered).
  5130 | D:7      | Reached XP level 10. HP: 63/63 MP: 13/13
  5133 | D:7      | 5133 ||| INVOKING Heroism.
  5172 | D:7      | 5172 ||| INVOKING Heroism.
  5210 | D:7      | 5210 ||| INVOKING Heroism.
  5452 | D:7      | 5452 ||| DROPPING +4 ring mail.
  5453 | D:7      | 5453 ||| UPGRADING to +0 troll leather armour.
  5463 | D:7      | 5463 ||| READING 3 scrolls of identify.
  5463 | D:7      | 5463 ||| IDENTIFYING fuming yellow potion
  5464 | D:7      | 5464 ||| READING 2 scrolls of identify.
  5464 | D:7      | 5464 ||| IDENTIFYING lumpy silvery potion
  5465 | D:7      | 5465 ||| DROPPING potion of invisibility.
  5641 | D:8      | Found a white marble altar of Elyvilon.
  5701 | D:8      | Found a hazy altar of Hepliaklqana.
  6088 | D:8      | 6088 ||| INVOKING Heroism.
  6098 | D:8      | Reached skill level 12 in Ranged Weapons
  6187 | D:8      | 6187 ||| READING scroll of enchant weapon.
  6187 | D:8      | 6187 ||| ENCHANTING +0 orcbow.
  6364 | D:8      | 6364 ||| INVOKING Heroism.
  6446 | D:8      | 6446 ||| UPGRADING to ring of positive energy.
  6476 | D:9      | 6476 ||| INVOKING Heroism.
  6494 | D:9      | 6494 ||| STAIRDANCE
  6503 | D:8      | 6503 ||| INVOKING Heroism.
  6504 | D:8      | HP: 13/64 [killer bee (5)]
  6505 | D:8      | 6505 ||| READING 2 scrolls of teleportation.
  6506 | D:8      | 6506 ||| DRINKING 3 potions of heal wounds.
  6560 | D:9      | 6560 ||| STAIRDANCE
  6616 | D:9      | Reached **** piety under Okawaru
  6617 | D:9      | 6617 ||| INVOKING Heroism.
  6728 | D:9      | Reached skill level 13 in Ranged Weapons
  6730 | D:9      | Found Lyash's Assorted Antiques.
  6732 | D:9      | 6732 ||| INVOKING Heroism.
  6735 | D:9      | 6735 ||| Stepping ~*~*~tactically~*~*~ (outnumbered).
  6737 | D:9      | 6737 ||| Stepping ~*~*~tactically~*~*~ (outnumbered).
  6761 | D:9      | 6761 ||| BUYING 2 viscous black potions (61 gold).
  6761 | D:9      | Bought 2 viscous black potions for 61 gold pieces
  6761 | D:9      | 6761 ||| BUYING potion of curing (102 gold).
  6761 | D:9      | Bought a potion of curing for 102 gold pieces
  6761 | D:9      | 6761 ||| BUYING scroll of enchant armour (255 gold).
  6761 | D:9      | Bought a scroll of enchant armour for 255 gold pieces
  6761 | D:9      | 6761 ||| SHOPLISTING scroll of enchant weapon (255 gold,
                  | have 71).
  6787 | D:9      | Found a radiant altar of Vehumet.
  6808 | D:9      | Found Aramuel's Antique Weapon Emporium.
  6815 | D:9      | 6815 ||| SHOPLISTING transparent arbalest (256 gold, have
                  | 88).
  6822 | D:9      | Reached XP level 11. HP: 69/69 MP: 14/14
  6916 | D:9      | Found Alest's Magic Scroll Boutique.
  6950 | D:9      | 6950 ||| SHOPLISTING scroll of enchant armour (105 gold,
                  | have 88).
  6950 | D:9      | 6950 ||| BUYING scroll of identify (28 gold).
  6950 | D:9      | Bought a scroll of identify for 28 gold pieces
  6950 | D:9      | 6950 ||| BUYING scroll of identify (28 gold).
  6950 | D:9      | Bought a scroll of identify for 28 gold pieces
  6950 | D:9      | 6950 ||| BUYING scroll of identify (28 gold).
  6950 | D:9      | Bought a scroll of identify for 28 gold pieces
  7028 | D:9      | 7028 ||| INVOKING Heroism.
  7030 | D:9      | Reached skill level 9 in Fighting
  7030 | D:9      | Reached skill level 6 in Invocations
  7085 | D:9      | Noticed Gastronok
  7086 | D:9      | 7086 ||| INVOKING Heroism.
  7112 | D:9      | HP: 12/71 [Gastronok/the air (22)]
  7113 | D:9      | 7113 ||| READING scroll of teleportation.
  7114 | D:9      | 7114 ||| DRINKING 2 potions of heal wounds.
  7115 | D:9      | Killed Gastronok
  7343 | D:9      | Noticed a deep troll
  7344 | D:9      | 7344 ||| INVOKING Heroism.
  7360 | D:9      | Killed a deep troll
  7363 | D:9      | HP: 17/71 [troll (7)]
  7364 | D:9      | 7364 ||| DRINKING potion of heal wounds.
  7413 | D:9      | 7413 ||| INVOKING Heroism.
  7454 | D:9      | Found a staircase to the Orcish Mines.
  7517 | D:9      | Found Middiowath's Assorted Antiques.
  7525 | D:9      | 7525 ||| SHOPLISTING +8 storm bow {elec, penet} (1327 gold,
                  | have 48).
  7525 | D:9      | 7525 ||| SHOPLISTING pair of boots (94 gold, have 48).
  7525 | D:9      | 7525 ||| SHOPLISTING scroll of enchant armour (157 gold,
                  | have 48).
  7525 | D:9      | 7525 ||| BUYING scroll of identify (42 gold).
  7525 | D:9      | Bought a scroll of identify for 42 gold pieces
  7525 | D:9      | 7525 ||| SHOPLISTING shiny silver wand (84 gold, have 6).
  7525 | D:9      | 7525 ||| SHOPLISTING triangular beryl amulet (105 gold,
                  | have 6).
  7736 | D:9      | 7736 ||| DROPPING amulet of the acrobat.
  7737 | D:9      | 7737 ||| UPGRADING to +5 ring of evasion.
  7739 | D:9      | 7739 ||| UPGRADING to +4 ring of slaying {mikee}.
  7741 | D:9      | 7741 ||| DROPPING ring of positive energy.
  7742 | D:9      | 7742 ||| READING scroll labelled ZUMOCROOCU.
  7743 | D:9      | 7743 ||| DRINKING 2 viscous black potions.
  7783 | D:10     | Entered Level 10 of the Dungeon
  7909 | D:10     | Reached ***** piety under Okawaru
  7914 | D:10     | Found a portal to a secret trove of treasure.
  7961 | D:10     | Reached skill level 14 in Ranged Weapons
  8032 | D:10     | 8032 ||| INVOKING Heroism.
  8033 | D:10     | 8033 ||| Stepping ~*~*~tactically~*~*~ (outnumbered).
  8470 | D:11     | Noticed a manticore
  8471 | D:11     | 8471 ||| INVOKING Heroism.
  8477 | D:11     | Killed a manticore
  8516 | D:11     | 8516 ||| INVOKING Heroism.
  8526 | D:11     | Reached skill level 9 in Invocations
  8563 | D:11     | Found a staircase to the Lair.
  8577 | D:11     | 8577 ||| READING scroll of enchant weapon.
  8577 | D:11     | 8577 ||| ENCHANTING +1 orcbow.
  8705 | D:11     | Identified the +0 scale mail "Exzunis" {Str+2}
  8734 | D:11     | Found a frozen archway.
  8922 | D:11     | 8922 ||| PLANNING LAIR
  8922 | D:11     | 8922 ||| DROPPING ring of willpower.
  8923 | D:11     | 8923 ||| READING 12 scrolls of identify.
  8923 | D:11     | 8923 ||| IDENTIFYING murky amethyst potion
  8924 | D:11     | 8924 ||| DROPPING potion of enlightenment.
  8945 | Lair:1   | Entered Level 1 of the Lair of Beasts
  8946 | Lair:1   | 8946 ||| PLANNING GAUNTLET
  8978 | Lair:1   | Noticed Erica
  8979 | Lair:1   | 8979 ||| INVOKING Heroism.
  9011 | Lair:1   | Killed Erica
  9012 | Lair:1   | Reached XP level 12. HP: 50/77 MP: 17/19
  9165 | Lair:1   | Found a gate leading to a gauntlet.
  9172 | Gauntlet | Entered a Gauntlet
  9172 | Gauntlet | Found a large runed translucent door.
  9172 | Gauntlet | Found a large runed translucent door.
  9172 | Gauntlet | Found a large runed translucent door.
  9172 | Gauntlet | Found a large runed translucent door.
  9172 | Gauntlet | Found a large runed translucent door.
  9172 | Gauntlet | Found a large runed translucent door.
  9172 | Gauntlet | Found a runed translucent door.
  9172 | Gauntlet | Found a transporter.
  9172 | Gauntlet | Found a runed translucent door.
  9172 | Gauntlet | Found a large runed translucent door.
  9172 | Gauntlet | Found a large runed translucent door.
  9172 | Gauntlet | Found a large runed translucent door.
  9172 | Gauntlet | Found a large runed translucent door.
  9172 | Gauntlet | Found a large runed translucent door.
  9172 | Gauntlet | Found a large runed translucent door.
  9175 | Gauntlet | Found a transporter.
  9189 | Gauntlet | Found a transporter.
  9193 | Gauntlet | Found a transporter.
  9208 | Gauntlet | Noticed a great orb of eyes
  9211 | Gauntlet | Found a transporter.
  9224 | Gauntlet | Found a transporter.
  9228 | Gauntlet | Found a transporter.
  9232 | Gauntlet | Found a transporter.
  9234 | Gauntlet | Found a runed translucent gate.
  9234 | Gauntlet | Found a runed translucent gate.
  9235 | Gauntlet | Found a large runed translucent door.
  9235 | Gauntlet | Found a large runed translucent door.
  9236 | Gauntlet | Found a runed translucent gate.
  9238 | Gauntlet | Noticed a green death
  9255 | Gauntlet | Found a transporter.
  9260 | Gauntlet | Found a transporter.
  9264 | Gauntlet | Found a transporter.
  9266 | Gauntlet | Found a large runed translucent door.
  9266 | Gauntlet | Found a large runed translucent door.
  9267 | Gauntlet | Noticed a thrashing horror
  9270 | Gauntlet | Noticed a thrashing horror
  9273 | Gauntlet | Found a transporter.
  9377 | Gauntlet | Killed a green death
  9390 | Gauntlet | 9390 ||| UPGRADING to +2 helmet of see invisible.
  9400 | Gauntlet | 9400 ||| DROPPING +2 hat.
  9408 | Gauntlet | 9408 ||| INVOKING Heroism.
  9409 | Gauntlet | 9409 ||| INVOKING Finesse.
  9427 | Gauntlet | Reached skill level 3 in Armour
  9468 | Gauntlet | 9468 ||| READING scroll of enchant weapon.
  9468 | Gauntlet | 9468 ||| ENCHANTING +2 orcbow.
  9469 | Gauntlet | 9469 ||| UPGRADING to +6 ring of dexterity.
  9471 | Gauntlet | 9471 ||| UPGRADING to +5 ring of evasion.
  9473 | Gauntlet | 9473 ||| DROPPING +4 ring of slaying {mikee}.
  9491 | Gauntlet | Found the +3 pair of seven-league boots {Rampage+∞}
  9491 | Gauntlet | Identified the +9 spear "Tialeb Saja" {holy, rPois rC+
                  | Int+6}
  9491 | Gauntlet | Noticed a minotaur
  9492 | Gauntlet | 9492 ||| INVOKING Heroism.
  9509 | Gauntlet | HP: 8/77 [minotaur/silver javelin (16)]
  9515 | Gauntlet | HP: 6/77 [minotaur/silver javelin (4)]
  9517 | Gauntlet | Killed a minotaur
  9598 | Gauntlet | 9598 ||| Stepping randomly (stuck).
  9598 | Gauntlet | Identified the staff of cold "Moxaiph" {rC+ Int+4}
  9600 | Gauntlet | 9600 ||| UPGRADING to +3 pair of seven-league boots
                  | {Rampage+∞}.
  9607 | Lair:1   | 9607 ||| PLANNING LAIR
  9705 | Lair:1   | 9705 ||| INVOKING Heroism.
 10241 | Lair:2   | Reached skill level 6 in Dodging
 10301 | Lair:2   | 10301 ||| INVOKING Heroism.
 10381 | Lair:2   | Found a staircase to the Shoals.
 10388 | Lair:2   | 10388 ||| SWAPPING to +2 orcbow of electrocution.
 10402 | Lair:2   | Identified the +7 scimitar of Duty {protect, rElec rF-
                  | Int+9 SInv}
 10473 | Lair:2   | 10473 ||| INVOKING Heroism.
 10636 | Lair:2   | Reached skill level 15 in Ranged Weapons
 10639 | Lair:2   | 10639 ||| INVOKING Heroism.
 10652 | Lair:2   | Identified the +0 pair of gloves of Ketiekycs {rCorr
                  | Slay+3} (Okawaru gifted it to you on level 2 of the Lair of
                  | Beasts)
 10652 | Lair:2   | Received a gift from Okawaru
 10724 | Lair:2   | 10724 ||| INVOKING Heroism.
 10903 | Lair:2   | Reached XP level 13. HP: 82/82 MP: 20/20
 10930 | Lair:2   | 10930 ||| INVOKING Heroism.
 10958 | Lair:2   | Found a staircase to the Snake Pit.
 11226 | Lair:2   | 11226 ||| UPGRADING to +0 pair of gloves of Ketiekycs
                  | {rCorr Slay+3}.
 11236 | Lair:3   | 11236 ||| INVOKING Heroism.
 11366 | Lair:3   | 11366 ||| INVOKING Heroism.
 11379 | Lair:3   | Reached skill level 16 in Ranged Weapons
 11461 | Lair:3   | 11461 ||| INVOKING Heroism.
 11608 | Lair:3   | 11608 ||| INVOKING Heroism.
 12103 | Lair:3   | 12103 ||| DROPPING +2 helmet of intelligence.
 12104 | Lair:3   | 12104 ||| DROPPING +6 ring of strength.
 12121 | Lair:4   | 12121 ||| INVOKING Heroism.
 12140 | Lair:4   | 12140 ||| STAIRDANCE
 12154 | Lair:4   | 12154 ||| INVOKING Heroism.
 12275 | Lair:4   | 12275 ||| INVOKING Heroism.
 12336 | Lair:4   | Found a viscous altar of Jiyva.
 12337 | Lair:4   | Found a staircase to the Slime Pits.
 12381 | Lair:4   | 12381 ||| INVOKING Heroism.
 12521 | Lair:4   | Reached skill level 12 in Fighting
 12938 | Lair:4   | 12938 ||| INVOKING Heroism.
 13060 | Lair:4   | 13060 ||| INVOKING Heroism.
 13066 | Lair:4   | Reached skill level 6 in Armour
 13197 | Lair:4   | 13197 ||| DROPPING amulet of guardian spirit.
 13198 | Lair:4   | 13198 ||| READING scroll labelled SAF YWOUMULEE.
 13314 | Lair:5   | Entered Level 5 of the Lair of Beasts
 13315 | Lair:5   | 13315 ||| INVOKING Heroism.
 13405 | Lair:5   | 13405 ||| INVOKING Heroism.
 13415 | Lair:5   | Received a gift from Okawaru
 13526 | Lair:5   | 13526 ||| INVOKING Heroism.
 13529 | Lair:5   | Received a gift from Okawaru
 13568 | Lair:5   | 13568 ||| Stepping ~*~*~tactically~*~*~ (cloud).
 13570 | Lair:5   | 13570 ||| INVOKING Heroism.
 13573 | Lair:5   | 13573 ||| Stepping ~*~*~tactically~*~*~ (cloud).
 13594 | Lair:5   | Gained mutation: Your large and strong wings let you fly.
                  | [Gargoyle growth]
 13594 | Lair:5   | Reached XP level 14. HP: 92/92 MP: 21/21
 13808 | Lair:5   | 13808 ||| INVOKING Heroism.
 13885 | Lair:5   | 13885 ||| Stepping ~*~*~tactically~*~*~ (outnumbered).
 13955 | Lair:5   | 13955 ||| Stepping ~*~*~tactically~*~*~ (outnumbered).
 13962 | Lair:5   | 13962 ||| Stepping ~*~*~tactically~*~*~ (outnumbered).
 13984 | Lair:5   | 13984 ||| INVOKING Heroism.
 13989 | Lair:5   | Reached skill level 9 in Dodging
 14052 | Lair:5   | 14052 ||| INVOKING Heroism.
 14267 | Lair:5   | 14267 ||| INVOKING Heroism.
 14268 | Lair:5   | 14268 ||| INVOKING Finesse.
 14354 | Lair:5   | 14354 ||| Stepping ~*~*~tactically~*~*~ (cloud).
 14355 | Lair:5   | 14355 ||| Stepping ~*~*~tactically~*~*~ (cloud).
 14387 | Lair:5   | 14387 ||| Stepping ~*~*~tactically~*~*~ (cloud).
 14392 | Lair:5   | 14392 ||| Stepping ~*~*~tactically~*~*~ (cloud).
 14495 | Lair:5   | 14495 ||| PLANNING D
 14495 | Lair:5   | 14495 ||| READING 2 scrolls labelled ERUUN JYTO.
 14496 | Lair:5   | 14496 ||| READING scroll labelled YDESOTWUHIA.
 14497 | Lair:5   | 14497 ||| DROPPING scroll of blinking.
 14621 | D:12     | Noticed Kirke
 14622 | D:12     | 14622 ||| INVOKING Heroism.
 14623 | D:12     | 14623 ||| INVOKING Finesse.
 14631 | D:12     | Killed Kirke
 14884 | D:12     | Received a gift from Okawaru
 14887 | D:12     | 14887 ||| INVOKING Heroism.
 14891 | D:12     | Reached skill level 15 in Fighting
 14939 | D:12     | Identified the +2 leather armour of the Eleven Wishes
                  | {Rampage rPois SInv}
 14988 | D:12     | Identified the +5 scimitar "Icegiom" {flame, rN++ Int+2}
 15209 | D:12     | 15209 ||| Stepping ~*~*~tactically~*~*~ (outnumbered).
 15215 | D:12     | 15215 ||| Stepping ~*~*~tactically~*~*~ (outnumbered).
 15220 | D:12     | 15220 ||| Stepping ~*~*~tactically~*~*~ (outnumbered).
 15478 | D:13     | Noticed Josephine
 15484 | D:13     | Killed Josephine
 15485 | D:13     | Reached XP level 15. HP: 103/103 MP: 22/22
 15585 | D:13     | 15585 ||| INVOKING Heroism.
 15645 | D:13     | Noticed Urug
 15646 | D:13     | 15646 ||| INVOKING Heroism.
 15647 | D:13     | 15647 ||| INVOKING Finesse.
 15656 | D:13     | Killed Urug
 15823 | D:13     | Noticed Sonja
 15824 | D:13     | 15824 ||| INVOKING Finesse.
 15829 | D:13     | Killed Sonja
 15894 | D:13     | Found Joddaule's Weapon Emporium.
 15939 | D:13     | Noticed Lodul
 15947 | D:13     | Killed Lodul
 16295 | D:13     | 16295 ||| READING scroll labelled YPARAI OLIUSU.
 16540 | D:14     | 16540 ||| INVOKING Heroism.
 16541 | D:14     | Paralysed by an orc sorcerer for 5 turns
 16582 | D:14     | Identified a scroll of acquirement
 16584 | D:14     | Found a gate to the Vaults.
 16597 | D:14     | 16597 ||| INVOKING Heroism.
 16635 | D:14     | 16635 ||| READING scroll of acquirement.
 16635 | D:14     | 16635 ||| ACQUIRING +1 longbow of draining
 16635 | D:14     | Acquired a +1 longbow of draining
 16637 | D:14     | 16637 ||| SWAPPING to +1 longbow of draining.
 16638 | D:14     | 16638 ||| DROPPING +3 orcbow.
 16987 | D:14     | 16987 ||| Stepping ~*~*~tactically~*~*~ (outnumbered).
 16989 | D:14     | Identified the +0 pair of boots of Masochism {Rampage *Slow
                  | Fly rCorr} (Okawaru gifted it to you on level 14 of the
                  | Dungeon)
 16989 | D:14     | Received a gift from Okawaru
 17190 | D:14     | 17190 ||| READING 18 scrolls of identify.
 17190 | D:14     | 17190 ||| IDENTIFYING blue potion
 17191 | D:14     | 17191 ||| DROPPING potion of brilliance.
 17231 | D:15     | Entered Level 15 of the Dungeon
 17249 | D:15     | 17249 ||| Stepping ~*~*~tactically~*~*~ (outnumbered).
 17276 | D:15     | Found an iron altar of Okawaru.
 17301 | D:15     | 17301 ||| INVOKING Heroism.
 17330 | D:15     | 17330 ||| INVOKING Finesse.
 17335 | D:15     | 17335 ||| SWAPPING to +2 orcbow of flaming.
 17338 | D:15     | 17338 ||| SWAPPING to +1 longbow of draining.
 17421 | D:15     | Found Len Toy's Antique Armour Emporium.
 17429 | D:15     | 17429 ||| BUYING pair of pitted boots (332 gold).
 17429 | D:15     | Bought a pair of pitted boots for 332 gold pieces
 17429 | D:15     | Identified the +0 pair of boots of Affuuf {Regen+} (You
                  | bought it in a shop on level 15 of the Dungeon)
 17474 | D:15     | Found Zagi Tas's Antique Weapon Boutique.
 17606 | D:15     | 17606 ||| Stepping ~*~*~tactically~*~*~ (outnumbered).
 17609 | D:15     | 17609 ||| Stepping ~*~*~tactically~*~*~ (outnumbered).
 17626 | D:15     | Found Emido's Jewellery Emporium.
 17642 | D:15     | 17642 ||| BUYING amulet of faith (600 gold).
 17642 | D:15     | Bought an amulet of faith for 600 gold pieces
 17662 | D:15     | 17662 ||| Stepping ~*~*~tactically~*~*~ (outnumbered).
 17665 | D:15     | 17665 ||| Stepping ~*~*~tactically~*~*~ (outnumbered).
 17668 | D:15     | 17668 ||| Stepping ~*~*~tactically~*~*~ (outnumbered).
 17670 | D:15     | 17670 ||| Stepping ~*~*~tactically~*~*~ (outnumbered).
 17672 | D:15     | 17672 ||| Stepping ~*~*~tactically~*~*~ (outnumbered).
 17771 | D:15     | Reached skill level 17 in Ranged Weapons
 17814 | D:15     | 17814 ||| INVOKING Heroism.
 17854 | D:15     | 17854 ||| FLEEEEING.
 17855 | D:15     | 17855 ||| FLEEEEING.
 17864 | D:15     | Paralysed by a great orb of eyes for 2 turns
 17869 | D:15     | 17869 ||| DRINKING 13 potions of curing.
 17869 | D:15     | 17869 ||| (to cure confusion)
 17901 | D:15     | 17901 ||| INVOKING Heroism.
 17909 | D:15     | 17909 ||| READING scroll of teleportation.
 18114 | D:15     | Found a staircase to the Depths.
 18120 | D:15     | 18120 ||| UPGRADING to +0 pair of boots of Affuuf {Regen+}.
 18130 | D:15     | 18130 ||| DROPPING +3 pair of seven-league boots
                  | {Rampage+∞}.
 18131 | D:15     | 18131 ||| UPGRADING to amulet of faith.
 18227 | D:15     | Noticed Nessos
 18229 | D:15     | 18229 ||| STAIRDANCE
 18246 | D:15     | 18246 ||| STAIRDANCE
 18261 | D:15     | 18261 ||| STAIRDANCE
 18275 | D:15     | 18275 ||| STAIRDANCE
 18284 | D:15     | 18284 ||| STAIRDANCE
 18323 | D:15     | 18323 ||| STAIRDANCE
 18330 | D:15     | Killed Nessos
 18339 | D:15     | 18339 ||| SWAPPING to +3 longbow of flaming.
 18340 | D:15     | 18340 ||| DROPPING +1 longbow of draining.
 18341 | D:15     | 18341 ||| DROPPING +2 orcbow of flaming.
 18346 | D:15     | 18346 ||| READING scroll of enchant weapon.
 18346 | D:15     | 18346 ||| ENCHANTING +3 longbow of flaming.
 18402 | D:15     | 18402 ||| PLANNING ORC
 18557 | Orc:1    | Entered Level 1 of the Orcish Mines
 18557 | Orc:1    | Noticed Harold
 18565 | Orc:1    | 18565 ||| STAIRDANCE
 18567 | D:9      | Killed Harold
 18868 | Orc:1    | 18868 ||| Stepping ~*~*~tactically~*~*~ (outnumbered).
 18869 | Orc:1    | 18869 ||| INVOKING Heroism.
 18875 | Orc:1    | Reached XP level 16. HP: 92/110 MP: 20/23
 19039 | Orc:1    | Reached skill level 18 in Ranged Weapons
 19130 | Orc:2    | Entered Level 2 of the Orcish Mines
 19154 | Orc:2    | 19154 ||| FLEEEEING.
 19155 | Orc:2    | 19155 ||| INVOKING Heroism.
 19199 | Orc:2    | HP: 27/110 [troll (5)]
 19202 | Orc:2    | HP: 12/110 [orc priest/nerve-wracking pain (7)]
 19203 | Orc:2    | Killed from afar by an orc priest

Levels and vault maps discovered:
D:1:      minmay_arrival_five_plusses, layout_loops_ring,
          minmay_strange_pillars, minmay_box_of_dots
D:2:      layout_rooms
D:3:      layout_basic
D:4:      layout_loops_corners, grunt_dithmenos_smoke_and_mirrors,
          nicolae_overflow_hallway_of_the_gods, minmay_small_thing
D:5:      layout_basic, glass_columns_a, nicolae_elemental_shop
D:6:      lemuel_slime, layout_cave_pools, hangedman_decor_riveting
D:7:      layout_rooms, minmay_temple_entry_gardened_gates
D:8:      layout_loops_corners, nicolae_hepliaklqana_hippocampus,
          nicolae_elyvilon_peaceful_grove
D:9:      lemuel_troll_bridge, layout_grid_maze, lemuel_tele_altar,
          serial_shops, nicolae_stop_n_shop_1, nicolae_shop_waterfront, shop,
          nicolae_stop_n_shop_1, wad_floor_pattern_untrapped, minmay_holes,
          uniq_gastronok
D:10:     layout_gridville, enter_trove_2
D:11:     layout_rooms, david_lair_generic, portal_ice_cave_entry_pillars_1
D:12:     minmay_the_grid_square_5x5_3x3 [minmay_the_grid_square_5x5_inner_v,
          minmay_the_grid_square_5x5_shrine2,
          minmay_the_grid_square_5x5_eight_small,
          minmay_the_grid_square_5x5_one_wall,
          minmay_the_grid_square_5x5_megaprize_hollow,
          minmay_the_grid_square_5x5_corner, minmay_the_grid_square_5x5_bridge,
          minmay_the_grid_square_5x5_v, minmay_the_grid_square_5x5_gyroscope],
          layout_loops_ring, hellmonk_guarded_unrand_dark_maul, uniq_kirke
D:13:     layout_stronghold, serial_shops, nicolae_stop_n_shop_1,
          serial_column_ruins, column_ruins_circle_medium, column_ruins_grid_4,
          column_ruins_grid_3, column_ruins_corridor_straight,
          column_ruins_open_medium, column_ruins_columns_straight, uniq_lodul,
          uniq_josephine, uniq_sonja, uniq_urug
D:14:     layout_basic, grunt_vaults_entry_fortified, kennysheep_minor_cross
D:15:     gammafunk_enter_depths_forms, layout_gridville, serial_shops,
          nicolae_shop_peninsula, nicolae_lakefront_shop, shop,
          okawaru_metal_pillars_1_2, uniq_nessos
Lair:1:   layout_roguey, gauntlet_entry_generic, uniq_erica
Lair:2:   layout_cave_pods, minmay_shoals_entry_centaurs, dummy_snake_entry
Lair:3:   layout_regular_city, forest_entry_grove, grunt_megastairs_3,
          serial_bayou_shore_b
Lair:4:   layout_concentric_octagons, slime_entry_1, dreamdust_gnoll_shepherd
Lair:5:   hangedman_lair_caniforms_friends, layout_hall_layers,
          guppyfry_lair_end_dragon, serial_bayou_shore_b
Orc:1:    layout_diamond_mine, led_sif_book, uniq_harold
Orc:2:    st_orc_open, layout_caves, nicolae_orc_pool_cavern, uniq_erolcha

Skill      XL: |  1  2  3  4  5  6  7  8  9 10 11 12 13 14 15 16 |
---------------+-------------------------------------------------+-----
Ranged Weapons | 5 6 7 8 9 11 13 14 15 16 17 18 | 18.6
Fighting       | 3 4 6 7 8 9 10 12 15 16 | 16.0
Armour         | 1 2 4 6 8 |  8.1
Invocations    | 3 4 5 9 10 | 10.1
Dodging        | 2 3 4 6 8 9 10 | 10.4
Stealth        | |  1.1

Action                     |  1- 3 |  4- 6 |  7- 9 | 10-12 | 13-15 | 16-18 || total
---------------------------+-------+-------+-------+-------+-------+-------++-------
   Fire: Shortbow          |    83 |   101 |   262 |       |       |       ||   446
         Orcbow            |       |       |    90 |   810 |   978 |       ||  1878
         Longbow           |       |       |       |       |   247 |    95 ||   342
 Invoke: Heroism           |       |       |     8 |    24 |    29 |     1 ||    62
         Finesse           |       |       |       |     1 |     5 |       ||     6
    Use: Scroll            |     2 |     6 |     9 |     9 |     8 |       ||    34
         Potion            |     1 |     2 |     2 |     4 |     1 |       ||    10
 Armour: Leather armour    |    10 |       |       |       |       |       ||    10
         Ring mail         |       |    20 |   105 |     6 |       |       ||   131
         Troll leather arm |       |       |       |   146 |   147 |    24 ||   317
  Dodge: Dodged            |    14 |    35 |    69 |   472 |   519 |   242 ||  1351
  Block: Other             |     1 |    13 |    35 |   106 |   129 |       ||   284
         Reflection        |       |     1 |     1 |     2 |    12 |       ||    16

Table legend:
 A = Non-vault XP
 B = Vault XP
 C = Vault XP percentage of total XP
 D = Non-vault monster count
 E = Vault monster count
 F = Vault count percentage of total count
                 A         B        C        D         E       F
            +---------+---------+-------+---------+---------+-------
      Total |   78527 |   63432 |  44.7 |     464 |     202 |  30.3
            +---------+---------+-------+---------+---------+-------
        D:1 |      38 |       1 |   2.6 |      21 |       1 |   4.5
        D:2 |      46 |       0 |   0.0 |      14 |       0 |   0.0
        D:3 |     119 |       0 |   0.0 |      14 |       0 |   0.0
        D:4 |     456 |     190 |  29.4 |      23 |       2 |   8.0
        D:5 |     741 |       0 |   0.0 |      23 |       0 |   0.0
        D:6 |     800 |     597 |  42.7 |      16 |      20 |  55.6
        D:7 |    1944 |       0 |   0.0 |      44 |       0 |   0.0
        D:8 |    2021 |       0 |   0.0 |      29 |       0 |   0.0
        D:9 |    3516 |    4685 |  57.1 |      32 |       9 |  22.0
       D:10 |    1975 |       0 |   0.0 |      15 |       0 |   0.0
       D:11 |     997 |    1039 |  51.0 |       9 |       4 |  30.8
       D:12 |    7821 |    7639 |  49.4 |      23 |      14 |  37.8
       D:13 |    6716 |    4668 |  41.0 |      17 |      14 |  45.2
       D:14 |    4057 |    6017 |  59.7 |      14 |      10 |  41.7
       D:15 |   12265 |    7457 |  37.8 |      38 |      10 |  20.8
     Lair:1 |    2208 |     850 |  27.8 |      12 |       1 |   7.7
     Lair:2 |   10058 |     345 |   3.3 |      41 |       3 |   6.8
     Lair:3 |    5752 |    2362 |  29.1 |       9 |      12 |  57.1
     Lair:4 |    5372 |     555 |   9.4 |      23 |       3 |  11.5
     Lair:5 |    8735 |   13823 |  61.3 |      22 |      70 |  76.1
      Orc:1 |    2606 |       0 |   0.0 |      20 |       0 |   0.0
      Orc:2 |     284 |   10626 |  97.4 |       5 |      26 |  83.9
   Gauntlet |       0 |    2578 | 100.0 |       0 |       3 | 100.0
            +---------+---------+-------+---------+---------+-------
